 Dungeon Crawl Stone Soup version 0.31.0-32-g396128a36d (webtiles) character file.

Game seed: 10990159705571008792

53 PaiMei the Gusty (level 3, -2/20 HPs)
             Began as a Tengu Air Elementalist on Mar 18, 2024.
             Slain by Terence
             ... wielding a +0 flail
              (8 damage)
             ... on level 2 of the Dungeon.
             The game lasted 00:01:38 (1083 turns).

PaiMei the Gusty (Tengu Air Elementalist)           Turns: 1083, Time: 00:01:39

Health: -2/20      AC:  3    Str:  8    XL:     3   Next: 89%
Magic:  1/7        EV: 12    Int: 17    God:
Gold:   63         SH:  0    Dex: 14    Spells: 5/6 levels left

rFire   . . .        d - +1 flail (venom)
rCold   . . .        (no shield)
rNeg    . . .        a - +0 robe
rPois   .            (helmet restricted)
rElec   .            (no cloak)
rCorr   .            e - +0 pair of gloves
SInv    .            (boots unavailable)
Will    .....        (no amulet)
Stlth   ++           (no ring)
HPRegen 0.23/turn    (no ring)
MPRegen 0.10/turn

%: acrobat
@: no status effects
A: beak, talons 3, acrobatic
a: no special abilities


You were on level 2 of the Dungeon.
You visited 1 branch of the dungeon, and saw 2 of its levels.

You collected 63 gold pieces.

Inventory:

Hand Weapons
 d - a +1 flail of venom (weapon)
 f - a +4 war axe
Missiles
 j - 2 poisoned darts (quivered)
Armour
 a - a +0 robe (worn)
 e - a +0 pair of gloves (worn)
Scrolls
 g - a scroll of identify {unknown}
 h - a scroll of blinking {unknown}
Potions
 b - a potion of magic
 i - a potion of might {unknown}


   Skills:
 + Level 0.6 Fighting
 + Level 2.8 Dodging
 - Level 2.3 Stealth
 + Level 2.4 Spellcasting
 + Level 2.4 Conjurations
 + Level 4.5 Air Magic


You had 5 spell levels left.
You knew the following spells:

 Your Spells              Type           Power      Damage    Failure   Level
a - Shock                 Conj/Air       52%        1d6       4%          1

Your spell library contained the following spells:

 Spells                   Type           Power      Damage    Failure   Level
 Static Discharge         Conj/Air       26%        3-5/arc   7%          2
 Swiftness                Air            17%        N/A       9%          3
 Airstrike                Air            8%         2d(2-18)  28%         4


Dungeon Overview and Level Annotations

Branches:
Dungeon (2/15)

Altars:

Annotations:
D:2 Terence


Innate Abilities, Weirdness & Mutations

You have a beak for a mouth.
You have claws for feet.
You can magically evade attacks while moving or waiting.


Message History

The zap hits Terence but does no damage.
Terence is moderately wounded.
Casting: Shock (safe; 4% risk of failure)
Confirm with . or Enter, or press ? or * to list all spells.
Aiming: Shock (safe; 4% risk of failure)
Press: ? - help, Shift-Dir - straight line, f/p - Terence
Aim: Terence, wielding a +0 flail and wearing a +0 ring mail (moderately wounded, 72% to hit)
The zap hits Terence.
Terence is heavily wounded.
Terence asks, "Do you want it fast or slow?"
Casting: Shock (safe; 4% risk of failure)
Confirm with . or Enter, or press ? or * to list all spells.
You don't have enough magic to cast this spell.
Casting: Shock (safe; 4% risk of failure)
Confirm with . or Enter, or press ? or * to list all spells.
You don't have enough magic to cast this spell.
Casting: Shock (safe; 4% risk of failure)
Confirm with . or Enter, or press ? or * to list all spells.
You don't have enough magic to cast this spell.
Casting: Shock (safe; 4% risk of failure)
Confirm with . or Enter, or press ? or * to list all spells.
You don't have enough magic to cast this spell.
Terence hits you with a +0 flail.
You barely miss Terence. You claw Terence, but do no damage.
Terence is heavily wounded.
Terence screams, "I'm going to kill you!"
Terence misses you.
You hit Terence.
Terence is poisoned.
You claw Terence.
Terence is severely wounded.
Terence hits you with a +0 flail!
Ouch! That really hurt!
* * * LOW HITPOINT WARNING * * *
Your magical contamination has completely faded away.
You barely miss Terence.
Terence is severely wounded.
Terence barely misses you.
Terence says, "Time to say good-bye..."
Terence hits you with a +0 flail!
You die...
Terence says, "That felt goooood."

.##..# ## ..#
##.# # @..( ...#
# ..### #..# #
..# #..# ###. #
..## #.
#..###.... ## ...
..†###.........
.##.#
.......@....#
.[..# ##..@.# .#
#..#..# ## #
#....## #
#.##.#.###### #
#...........#
####
####.#.####.#
...# #.#.#
##.##########†#.#
#............#.#


You could see Terence (very poisoned).

Vanquished Creatures
  A gnoll (D:1)
  An adder (D:2)
  4 ball pythons
  5 endoplasms (D:1)
  A giant cockroach (D:2)
  3 goblins (D:1)
  5 hobgoblins
  3 kobolds (D:1)
  A quokka (D:1)
  A bat (D:1)
  A frilled lizard (D:1)
  7 rats
33 creatures vanquished.

Notes
Turn   | Place    | Note
-------+----------+-------------------------------------------
     0 | D:1      | PaiMei the Tengu Air Elementalist began the quest for the
                  | Orb.
     0 | D:1      | Reached XP level 1. HP: 10/10 MP: 4/4
   109 | D:1      | Reached XP level 2. HP: 15/15 MP: 0/6
   358 | D:1      | Reached XP level 3. HP: 19/19 MP: 5/7
   996 | D:2      | Noticed Terence
  1083 | D:2      | Slain by Terence

Illustrated notes

Levels and vault maps discovered:
D:1:      psy_arrival_radial02, layout_rooms, hex_tiny
D:2:      layout_loops_ring, shapermc_ecumenical_altar_mp_highgroup,
          uniq_terence

Skill      XL: |  1  2 |
---------------+-------+-----
Conjurations   | 2 |  2.4
Fighting       | |  0.6
Dodging        | |  2.8
Stealth        | |  2.3
Spellcasting   | |  2.4
Air Magic      | |  4.5

Action                     || total
---------------------------++-------
  Melee: Falchion          ||     4
         Flail             ||    20
         Kick              ||     6
         Peck              ||     3
   Cast: Shock             ||    46
 Armour: Robe              ||    10
  Dodge: Dodged            ||    15
